 Dungeon Crawl Stone Soup version 0.21.1-1-g345015fe64 (webtiles) character file.

1075 Lusmu the Firebug (level 8, 0/57 HPs)
             Began as a Green Draconian Fire Elementalist on Apr 9, 2018.
             Was an Initiate of Vehumet.
             Slain by Grinder (6 damage)
             ... on level 6 of the Dungeon.
             The game lasted 00:35:15 (8464 turns).

Lusmu the Firebug (DrFE)                            Turns: 8464, Time: 00:35:15

Health: 0/57       AC:  7    Str: 11      XL:     8   Next: 8%
Magic:  11/11      EV: 12    Int: 17      God:    Vehumet [......]
Gold:   191        SH:  0    Dex: 11 (12) Spells: 7/11 levels left

rFire    + . .     SeeInvis .   F - +4 great sword
rCold    . . .     Gourm    .   (shield currently unavailable)
rNeg     . . .     Faith    .   (armour unavailable)
rPois    +         Spirit   .   (helmet restricted)
rElec    .         Reflect  .   r - +0 cloak
rCorr    .         Harm     .   (no gloves)
MR       .....                  (no boots)
Stlth    ++........             (no amulet)
HPRegen  0.19/turn              t - ring of flight
MPRegen  0.12/turn              D - ring of protection from fire

@: short of breath, invisible
A: breathe noxious fumes, unfitting armour, poison resistance, cold-blooded, AC
+6
a: Breathe Noxious Fumes, Renounce Religion, Evoke Flight


You were on level 6 of the Dungeon.
You worshipped Vehumet.
Vehumet was noncommittal.
You were not hungry.

You visited 2 branches of the dungeon, and saw 7 of its levels.
You also visited: Ossuary.

You collected 191 gold pieces.

Inventory:

Hand Weapons
 v - a +1 spear
 F - a +4 great sword (weapon)
Missiles
 c - 8 tomahawks (quivered)
 i - 72 sling bullets
 x - 5 needles of confusion
 y - 90 arrows
 B - 44 stones
Armour
 r - a +0 cloak (worn)
Jewellery
 t - a ring of flight (left hand)
 D - a ring of protection from fire (right hand)
Scrolls
 d - a scroll of teleportation {unknown}
 e - a scroll of remove curse
 f - a scroll of enchant weapon
 g - a scroll of blinking {unknown}
 k - a scroll of amnesia
 q - a scroll of enchant armour {unknown}
 w - a scroll of random uselessness {unknown}
 A - a scroll of magic mapping
 C - 2 scrolls of fog {unknown}
 G - a scroll of fear {unknown}
Potions
 h - 2 potions of might
 j - a potion of curing
 l - a potion of resistance {unknown}
 m - a potion of haste {unknown}
 n - a potion of ambrosia {unknown}
 o - a potion of invisibility
 p - a potion of heal wounds {unknown}
 s - 4 potions of agility {unknown}
 u - 2 potions of flight {unknown}
 z - 2 potions of magic {unknown}
Books
 a - a book of Flames

   Spells                             Type                      Level
   a - Flame Tongue                   Conjuration/Fire             1
   b - Throw Flame                    Conjuration/Fire             2
   c - Conjure Flame                  Conjuration/Fire             3
   d - Inner Flame                    Hexes/Fire                   3
   e - Sticky Flame                   Conjuration/Fire             4
   f - Fireball                       Conjuration/Fire             5
Comestibles
 b - 7 rations
 E - 3 chunks of flesh


   Skills:
 - Level 1.7 Dodging
 - Level 1.7 Stealth
 - Level 2.0 Spellcasting
 * Level 6.7 Conjurations
 * Level 7.3 Fire Magic


You had 7 spell levels left.
You knew the following spells:

 Your Spells              Type           Power        Failure   Level  Hunger
a - Flame Tongue          Conj/Fire      ####.        1%          1    #......
b - Conjure Flame         Conj/Fire      ####....     3%          3    ###....


Dungeon Overview and Level Annotations

Branches:
Dungeon (6/15)             Temple (1/1) D:5

Altars:
Ashenzari
Cheibriados
Dithmenos
Elyvilon
Fedhas
Hepliaklqana
Kikubaaqudgha
Makhleb
Nemelex Xobeh
Okawaru
Qazlal
Ru
Sif Muna
Trog
Uskayaw
Vehumet
Wu Jian
Xom
Yredelemnul
Zin
The Shining One

Annotations:
D:3 Balthal's ghost, amateur MiFi
D:6 Grinder


Innate Abilities, Weirdness & Mutations

You can breathe blasts of noxious fumes.
Your lurid green scales are hard. (AC +6)
You cannot fit into any form of body armour.
Your system is resistant to poisons. (rPois)
You are cold-blooded and may be slowed by cold attacks.


Message History

As you read the scroll labeled WOAKLI VAURO, it crumbles to dust.
You feel aware of your surroundings.
It was a scroll of magic mapping.
Grinder gestures at you. Pain shoots through your body!
* * * LOW HITPOINT WARNING * * *
You feel better. Grinder barely misses you.
You riposte.
You barely miss Grinder.
Grinder is heavily wounded.
Quiver which item? (- for none, * to show all) (? for menu, Esc to quit)
Okay, then.
You feel better. Grinder hits you!
* * * LOW HITPOINT WARNING * * *
You writhe in agony.
* * * LOW HITPOINT WARNING * * *
It was a potion of invisibility.
You fade into invisibility!
Grinder hits you.
* * * LOW HITPOINT WARNING * * *
You writhe in agony.
You die...

#....#
#..#.#
**#.##.#
*...##.# #
#.##*#.#
#### #.*
#.# #...
#,* #.#
#.## *,*
#.# #.##
*,***#@#
#<#
#.(..5.#
#.#
#####..#**
#.#
*....,*
#.#
#....,*
#.#
#.....*
#.#
#.....*
#)##
#.....#
#)..
*,,****
####


You could see Grinder.

Vanquished Creatures
  An ice beast (D:5)
  A phantom (D:6)
  An ogre (D:5)
  A necrophage (D:5)
  An elf zombie (Ossuary)
  A bullfrog (D:5)
  A scorpion (D:4)
  2 centaur zombies (Ossuary)
  A quasit (D:5)
  An orc priest (D:6)
  A worker ant (D:5)
  2 big kobold zombies (Ossuary)
  2 hound skeletons
  A hound zombie (D:6)
  2 mummies (Ossuary)
  6 gnolls
  9 adders
  2 shadow imps
  An adder skeleton (D:4)
  2 worms
  2 dart slugs
  8 leopard geckos
  7 orcs
  3 ball pythons
  7 bats
  4 giant cockroaches
  6 goblins
  6 hobgoblins
  9 jackals
  2 quokkas
  4 frilled lizards
  3 goblin zombies (Ossuary)
  10 hobgoblin zombies (Ossuary)
  2 jackal zombies (Ossuary)
  5 kobolds
  8 kobold zombies (Ossuary)
  A leopard gecko skeleton (D:5)
  9 orc zombies (Ossuary)
  A quokka skeleton (D:6)
  4 rats
  A rat zombie (D:5)
141 creatures vanquished.

Notes
Turn   | Place    | Note
-------+----------+-------------------------------------------
     0 | D:1      | Lusmu the Draconian Fire Elementalist began the quest for the Orb.
     0 | D:1      | Reached XP level 1. HP: 14/14 MP: 3/3
   193 | D:1      | Reached XP level 2. HP: 19/20 MP: 5/5
   905 | D:2      | Reached XP level 3. HP: 8/26 MP: 0/6
  1453 | D:2      | Found a shattered altar of Ashenzari.
  1454 | D:2      | Found a deep blue altar of Sif Muna.
  1454 | D:2      | Found a basalt altar of Yredelemnul.
  1454 | D:2      | Found a white marble altar of Elyvilon.
  1462 | D:2      | Found an iron altar of Okawaru.
  1467 | D:2      | Found a snail-covered altar of Cheibriados.
  1694 | D:3      | Reached skill level 4 in Fire Magic
  1942 | D:3      | Reached XP level 4. HP: 33/33 MP: 4/7
  2263 | D:3      | Learned a level 3 spell: Conjure Flame
  2472 | D:3      | Noticed Balthal's ghost (amateur MiFi)
  2709 | D:3      | Found a stormy altar of Qazlal.
  3472 | D:4      | Found a burning altar of Makhleb.
  3472 | D:4      | Found a glowing silver altar of Zin.
  3473 | D:4      | Noticed an angel
  3473 | D:4      | Noticed a cacodemon
  3611 | D:4      | Reached XP level 5. HP: 24/38 MP: 8/8
  4456 | D:4      | Reached skill level 5 in Fire Magic
  4877 | D:5      | Entered Level 5 of the Dungeon
  4877 | D:5      | Noticed a necrophage
  4899 | D:5      | Killed a necrophage
  4899 | D:5      | Reached XP level 6. HP: 45/45 MP: 1/9
  5382 | D:5      | Found a sand-covered staircase.
  5407 | Ossuary  | Entered an ossuary
  6089 | Ossuary  | Reached skill level 5 in Conjurations
  6159 | Ossuary  | Reached skill level 6 in Fire Magic
  6159 | Ossuary  | Your scales start taking on a lurid green colour.
  6159 | Ossuary  | Reached XP level 7. HP: 21/50 MP: 0/10
  6159 | Ossuary  | Gained mutation: Your system is resistant to poisons. (rPois) [Green Draconian growth]
  6962 | D:5      | Found a staircase to the Ecumenical Temple.
  7025 | Temple   | Entered the Ecumenical Temple
  7320 | Temple   | Became a worshipper of Vehumet
  7493 | D:5      | Reached skill level 7 in Fire Magic
  7886 | D:6      | Reached XP level 8. HP: 57/57 MP: 7/11
  8452 | D:6      | Noticed Grinder
  8464 | D:6      | Slain by Grinder

Skill      XL: |  1  2  3  4  5  6  7 |
---------------+----------------------+-----
Conjurations   | 2 3 4 5 6 |  6.7
Fire Magic     | 4 5 6 7 |  7.3
Dodging        | |  1.7
Stealth        | |  1.7
Spellcasting   | |  2.0

Action                   |  1- 3 |  4- 6 |  7- 9 || total
-------------------------+-------+-------+-------++-------
Melee: Club              |    11 |       |       ||    11
       Short sword       |    87 |    71 |       ||   158
       Tailslap          |    12 |    19 |    20 ||    51
       Unarmed           |     1 |       |       ||     1
       Spear             |       |   143 |   193 ||   336
       Great sword       |       |       |    22 ||    22
Throw: Tomahawk          |       |       |     3 ||     3
 Cast: Flame Tongue      |    16 |   121 |    37 ||   174
       Conjure Flame     |       |     4 |       ||     4
 Abil: Breathe Noxious F |       |       |     5 ||     5
  Use: Potion            |     1 |     1 |     3 ||     5
       Scroll            |       |     3 |     2 ||     5
 Stab: Sleeping          |     4 |     1 |     2 ||     7
       Confused          |       |       |     1 ||     1
  Eat: Chunk             |     3 |    13 |     6 ||    22
       Ration            |       |     1 |     1 ||     2
Armor: Skin              |    48 |   102 |    92 ||   242
Dodge: Dodged            |    79 |   180 |   146 ||   405
       Rpst.: Great sword |       |       |     8 ||     8
